[Event "Team 45 45 League T44"]
[Site "Internet Chess Club"]
[Date "2010.02.14"]
[Round "2"]
[White "achessfool"]
[Black "Magagna"]
[Result "0-1"]
[WhiteElo "1557"]
[BlackElo "1853"]
[Opening "Alekhine's defense: exchange variation"]
[ECO "B03"]
[Time "12:04:12"]
[TimeControl "2700+45"]

1. e4 Nf6 2. e5 Nd5 3. d4 d6 4. c4 Nb6 5. exd6 exd6 6. h3 Nc6 7. Nf3 Be7 8. Nc3
Bf5 9. Bd3 Bxd3 10. Qxd3 Bf6 11. O-O O-O 12. Be3 Re8 13. Rac1 d5 14. b3 dxc4 15.
bxc4 Nxd4 16. Nxd4 c5 17. Nce2 cxd4 18. Nxd4 Na4 19. Qd2 Nc5 20. Nf5 Qxd2 21.
Bxd2 g6 22. Nh6+ Kg7 23. Ng4 g5 24. Nxf6 Kxf6 25. Rfe1 Kg6 26. Rxe8 Rxe8 27. Be3
Rc8 28. Rd1 b6 29. Rd6+ f6 30. f4 h6 31. g3 Ne4 32. Re6 Nxg3 33. Kf2 Kf5 34. Re7
gxf4 35. Kf3 fxe3 36. Rxe3 Nh5 37. Re7 Rxc4 38. Rxa7 Rc3+ 39. Kg2 Nf4+ 40. Kh2
Rxh3+ 41. Kg1 Kg4 42. Ra6 Rf3 43. Ra4 Kg3 44. Re4 Nh3+ 45. Kh1 Rf1# {White
checkmated} 0-1

[Event "Team 45 45 League T44"]
[Site "Internet Chess Club"]
[Date "2010.02.12"]
[Round "2"]
[White "mongmong"]
[Black "BishopMike"]
[Result "0-1"]
[WhiteElo "1611"]
[BlackElo "1540"]
[Opening "Queen's pawn game"]
[ECO "D05"]
[Time "20:05:09"]
[TimeControl "2700+45"]

1. d4 Nf6 2. Nf3 e6 3. e3 d5 4. Bd3 Bd6 5. Nbd2 Bd7 6. O-O c5 7. dxc5 Bxc5 8. e4
dxe4 9. Nxe4 Bb6 10. Bg5 Bc6 11. Nxf6+ gxf6 12. Bh4 Nd7 13. Qe2 Qc7 14. Rad1
O-O-O 15. Be4 Bxe4 16. Qxe4 Qc5 17. b4 Qb5 18. a3 f5 19. Qd3 Qxd3 20. Rxd3 Rdf8
21. Rfd1 Nb8 22. Ne5 f6 23. Nc4 Bd8 24. Nd6+ Kc7 25. f4 Nc6 26. b5 Ne7 27. c4
Kb8 28. a4 Bb6+ 29. Kf1 Ng6 30. Bf2 Bxf2 31. Kxf2 Nxf4 32. Rd4 e5 33. R4d2 Rhg8
34. g3 Nh3+ 35. Kg2 Ng5 36. Nxf5 h5 37. Rd7 Ne6 38. Nd6 Nc5 39. a5 Nxd7 {White
resigns} 0-1

[Event "Team 45 45 League T44"]
[Site "Internet Chess Club"]
[Date "2010.02.13"]
[Round "2"]
[White "TheronUAL"]
[Black "batttoman"]
[Result "1/2-1/2"]
[WhiteElo "1525"]
[BlackElo "1448"]
[Opening "Three knights game"]
[ECO "C46"]
[Time "19:00:09"]
[TimeControl "2700+45"]

1. e4 e5 2. Nc3 Nc6 3. Nf3 Bb4 4. a3 Bxc3 5. bxc3 Nf6 6. Bc4 O-O 7. Bb2 Nxe4 8.
d3 Nf6 9. O-O d5 10. Ba2 Bg4 11. h3 Bh5 12. Re1 Re8 13. Re3 e4 14. dxe4 dxe4 15.
Qxd8 Raxd8 16. Nd4 Nxd4 17. cxd4 Nd5 18. Bxd5 Rxd5 19. Rae1 Bg6 20. f3 f5 21. c4
Rd7 22. Rb3 c6 23. a4 Bf7 24. Rc1 e3 25. Kf1 f4 26. Ba1 Re6 27. Ra3 Rg6 28. Ra2
Rg3 29. d5 cxd5 30. cxd5 h5 31. Rc8+ Kh7 32. Rf8 Bxd5 33. Rc2 Bc6 34. Rxf4 Rd1+
35. Ke2 Rxa1 36. Kxe3 Ra3+ 37. Kf2 Rg6 38. Rc5 Ra2+ 39. Ke3 Re6+ 40. Kd4 Rxa4+
41. Rc4 Ra2 42. Rh4 g6 43. g3 Rd2+ 44. Kc3 Rf2 45. Rhf4 Kg7 46. Kb4 a5+ 47. Kc5
Re5+ 48. Kb6 Rb2+ 49. Ka7 Re8 50. h4 b6 51. Rxc6 Re7+ 52. Ka6 b5 53. Rff6 Rbe2
54. Rxg6+ Kf7 55. Rcf6+ Ke8 56. Rb6 Rd2 57. Rh6 Rf7 58. Rh8+ Ke7 59. Rb7+ Rd7
60. Rxd7+ Kxd7 61. Rxh5 Rxf3 62. g4 b4 63. Rxa5 Rf4 64. Rb5 Rxg4 65. h5 Rh4 66.
Ka5 Ke7 67. Rb7+ Kf6 68. Rxb4 Rxh5+ 69. Rb5 Rxb5+ 70. Kxb5 {Game drawn because
neither player has mating material} 1/2-1/2

[Event "Team 45 45 League T44"]
[Site "Internet Chess Club"]
[Date "2010.02.13"]
[Round "2"]
[White "kidviper"]
[Black "gerailen0075"]
[Result "0-1"]
[WhiteElo "1882"]
[BlackElo "1746"]
[Opening "French: Fort Knox variation"]
[ECO "C10"]
[Time "16:04:27"]
[TimeControl "2700+45"]

1. e4 e6 2. d4 d5 3. Nc3 dxe4 4. Nxe4 Bd7 5. Nf3 Bc6 6. Bd3 Nd7 7. O-O Be7 8.
Bf4 Ngf6 9. Nxf6+ Bxf6 10. c3 O-O 11. Re1 Re8 12. Ne5 Nxe5 13. Bxe5 Bxe5 14.
Rxe5 Qf6 15. Qh5 g6 16. Qh6 Rad8 17. Rae1 Rd5 18. Rxd5 exd5 19. Rxe8+ Bxe8 20.
f3 Qb6 21. Qd2 Bb5 22. Bc2 Ba6 23. Bb3 Qb5 24. Qe1 c6 25. Kf2 Qd3 26. h4 h5 27.
Kg3 Kf8 28. Qd1 Qe3 29. Bc2 f5 30. Kh2 Qf2 31. Bd3 Qxh4+ 32. Kg1 Bxd3 33. Qxd3
Qf4 34. Qe2 Kf7 35. Kf2 h4 36. a3 g5 37. Qc2 g4 38. Qb3 b5 39. Qd1 g3+ 40. Kf1
Qe3 41. Qe2 Qc1+ 42. Qe1 Qxb2 43. f4 Qxa3 44. Qe5 Qc1+ 45. Ke2 Qc2+ 46. Ke1 Qe4+
47. Kf1 Qxe5 48. fxe5 a5 49. Ke2 a4 50. Kd2 a3 51. Kc2 h3 52. gxh3 g2 53. Kb3
g1=Q 54. Kxa3 Qg3 55. Kb4 Qxh3 56. e6+ Kxe6 57. c4 bxc4 58. Kc5 f4 59. Kxc6 f3
60. Kc5 f2 61. Kc6 f1=Q 62. Kc5 Qf8+ 63. Kc6 Qc8+ 64. Kb5 Qb3+ 65. Ka5 Qa8#
{White checkmated} 0-1

[Event "Team 45 45 League T44"]
[Site "Internet Chess Club"]
[Date "2010.02.14"]
[Round "2"]
[White "BrandonBee"]
[Black "Eyechess"]
[Result "0-1"]
[WhiteElo "1513"]
[BlackElo "1637"]
[Opening "French: advance variation"]
[ECO "C02"]
[Time "10:30:10"]
[TimeControl "2700+45"]

1. e4 e6 2. d4 d5 3. e5 c5 4. f4 cxd4 5. Qxd4 Nc6 6. Qf2 Nge7 7. Nf3 Nf5 8. g4
Nh6 9. h3 Qa5+ 10. c3 Bc5 11. Be3 Bxe3 12. Qxe3 O-O 13. Bd3 Rd8 14. Ng5 g6 15.
Nf3 d4 16. Qe4 dxc3 17. bxc3 Qb6 18. Nbd2 Qb2 19. O-O Qxc3 20. Bb5 Qc5+ 21. Kg2
Qxb5 22. Kg3 Qd3 23. h4 Qxe4 24. Nxe4 b6 25. Nd6 Ba6 26. Rf2 f6 27. Rc1 Nb4 28.
Rc7 fxe5 29. fxe5 Nd5 30. Rc1 Nf7 31. Nxf7 Kxf7 32. Ng5+ Kg8 33. Nxe6 Re8 34.
Rc6 Bc8 35. Nc7 Nxc7 36. Rxc7 Be6 37. Rf6 Bxa2 38. Kf4 Rf8 39. Kg5 Rxf6 40. exf6
Bf7 41. h5 b5 42. Rb7 a5 43. hxg6 hxg6 44. Rxb5 a4 45. Rb1 a3 46. Ra1 a2 47. Kf4
Rb8 48. Rd1 Kf8 49. Kg5 Rb1 50. Rd8+ Be8 {White resigns} 0-1

[Event "Team 45 45 League T44"]
[Site "Internet Chess Club"]
[Date "2010.02.13"]
[Round "2"]
[White "kidcobra"]
[Black "Helaman"]
[Result "1/2-1/2"]
[WhiteElo "1647"]
[BlackElo "1457"]
[Opening "Scandinavian defense"]
[ECO "B01"]
[Time "15:00:17"]
[TimeControl "2700+45"]

1. e4 d5 2. exd5 Nf6 3. Bb5+ c6 4. dxc6 Nxc6 5. Nf3 g6 6. Nc3 Bg7 7. O-O O-O 8.
Re1 Be6 9. d4 Nb4 10. a3 Nbd5 11. Nxd5 Nxd5 12. c4 Nc7 13. Be3 Nxb5 14. cxb5 Bg4
15. Rc1 h6 16. h3 Be6 17. Qd2 Kh7 18. Red1 Bd5 19. Qe2 Rc8 20. Rc3 Qd7 21. a4
Rxc3 22. bxc3 Rc8 23. Bd2 Rc4 24. Ra1 Qe6 25. Qxe6 Bxe6 26. a5 Bd5 27. b6 a6 28.
Ne5 Bxe5 29. dxe5 Re4 30. Re1 Ra4 31. Rc1 Re4 32. Re1 Ra4 33. c4 Rxc4 34. Rd1
Rd4 35. f3 h5 36. Kf2 e6 37. Ke3 Ra4 38. Rc1 Rc4 39. Ra1 Kg7 40. Rd1 Ra4 41. Rc1
Rc4 42. Rd1 Ra4 43. Bc3 Rc4 44. Kd3 Ra4 45. Rc1 Rc4 46. Kd2 Ra4 47. Rc2 Rc4 48.
Kd3 Ra4 {Game drawn by mutual agreement} 1/2-1/2

[Event "Team 45 45 League T44"]
[Site "Internet Chess Club"]
[Date "2010.02.13"]
[Round "2"]
[White "blizzard13"]
[Black "KidBoa"]
[Result "1-0"]
[WhiteElo "1465"]
[BlackElo "1272"]
[Opening "Scandinavian (center counter) defense"]
[ECO "B01"]
[Time "13:00:13"]
[TimeControl "2700+45"]

1. e4 d5 2. exd5 Qxd5 3. Nc3 Qa5 4. Bc4 c5 5. Qf3 e6 6. Nge2 Nd7 7. Qe3 Nb6 8.
Bb5+ Bd7 9. Bxd7+ Nxd7 10. Nf4 c4 11. Qf3 Qe5+ 12. Nfe2 Rb8 13. d4 cxd3 14. cxd3
Bc5 15. Bf4 Qf6 16. Bxb8 Qxf3 17. gxf3 Nxb8 18. Ne4 Bb4+ 19. N2c3 Nc6 20. a3
Bxc3+ 21. bxc3 Ne5 22. Ke2 Ne7 23. Nd6+ Kd7 24. Nxb7 Rb8 25. Nc5+ Ke8 26. Rab1
Rc8 27. Ne4 Nd5 28. Nd6+ Kd8 29. Nxc8 Nxc3+ 30. Ke3 Nxb1 31. Rxb1 Kxc8 32. Rc1+
Kd7 33. d4 Nc6 34. f4 f6 35. Rb1 e5 36. Rb7+ Kd6 37. dxe5+ fxe5 38. Rxg7 exf4+
39. Kxf4 Nd4 40. Rxa7 Ne6+ 41. Kf5 Nd4+ 42. Kg4 h5+ 43. Kxh5 Ke5 44. Ra5+ Kf4
45. Ra4 Ke4 46. Rxd4+ Kxd4 47. f4 Ke4 48. Kg5 Kd5 49. f5 Kd6 50. Kg6 Ke7 51. Kg7
Kd6 52. f6 Kc5 53. f7 Kd4 54. f8=Q Ke4 55. a4 Kd5 56. a5 Kc6 57. Qa8+ Kb5 58. a6
Kb6 59. a7 Kc5 60. Qc8+ Kd5 61. a8=Q+ Kd4 62. h4 Ke5 63. h5 Kd4 64. h6 Ke5 65.
h7 Kd4 66. h8=Q Ke5 67. Kh7+ Kf4 68. Qhf8+ Ke5 69. Qce8+ Kd4 70. Qad8+ Kc4 71.
Qc6+ Kb3 72. Qb8+ Ka2 73. Qa6# {Black checkmated} 1-0

[Event "Team 45 45 League T44"]
[Site "Internet Chess Club"]
[Date "2010.02.14"]
[Round "2"]
[White "andrew28"]
[Black "AndersO"]
[Result "1-0"]
[WhiteElo "1719"]
[BlackElo "1425"]
[Opening "French: King's Indian attack"]
[ECO "C00"]
[Time "16:14:42"]
[TimeControl "2700+45"]

1. e4 e6 2. d3 d5 3. Nd2 c5 4. c3 Nc6 5. Ngf3 Nf6 6. e5 Nd7 7. d4 cxd4 8. cxd4
Be7 9. Bd3 O-O 10. O-O Qb6 11. Nb3 a5 12. a4 f6 13. Re1 fxe5 14. dxe5 Qc7 15.
Bd2 Ndxe5 16. Nxe5 Nxe5 17. Bxh7+ Kxh7 18. Qh5+ Kg8 19. Qxe5 Qxe5 20. Rxe5 b6
21. Bc3 Bf6 22. Re3 Rd8 23. Bxf6 gxf6 24. f4 Kf7 25. Rc1 Rb8 26. Nd4 Rb7 27. Rh3
Rbd7 28. Rxc8 Rxc8 29. Rh7+ Kg8 30. Rxd7 e5 31. fxe5 fxe5 32. Nf3 e4 33. Nd4 e3
34. Kf1 Rc4 35. Rxd5 Rxa4 36. Ke2 Rb4 37. b3 a4 38. bxa4 Rxa4 39. Kxe3 Ra8 40.
g4 Kf7 41. Rb5 Rb8 42. Kf4 Kg6 43. h4 {Black resigns} 1-0

[Event "Team 45 45 League T44"]
[Site "Internet Chess Club"]
[Date "2010.02.14"]
[Round "2"]
[White "Kingangyal"]
[Black "Andressa"]
[Result "0-1"]
[WhiteElo "1435"]
[BlackElo "1553"]
[Opening "Queen's pawn, Mason variation"]
[ECO "D00"]
[Time "10:03:59"]
[TimeControl "2700+45"]

1. d4 d5 2. Bf4 Nf6 3. e3 Nc6 4. Nf3 Bf5 5. c3 e6 6. Bd3 Ne4 7. O-O Be7 8. Qc2
O-O 9. Nbd2 h6 10. Nxe4 dxe4 11. Bxe4 Bxe4 12. Qxe4 Qd7 13. Rfd1 Rad8 14. Rd2
Bd6 15. Rad1 Bxf4 16. Qxf4 Ne7 17. e4 Ng6 18. Qe3 Qe7 19. d5 b6 20. dxe6 Rxd2
21. exf7+ Qxf7 22. Qxd2 Qxa2 23. Qd5+ Qxd5 24. Rxd5 Re8 25. Nd2 a5 26. f3 Nf4
27. Rd7 Ne6 28. Kf2 Rc8 29. Ke3 Nc5 30. Rd4 Ne6 31. Ra4 Nc5 32. Ra1 Rd8 33. Ke2
Nd3 34. b3 Nf4+ 35. Ke3 Nxg2+ 36. Ke2 Nf4+ 37. Ke3 g5 38. Ra2 Rd3+ 39. Kf2 Rxc3
40. Kg3 Ne6 41. Kg4 Nd4 42. Rb2 Kg7 43. h3 Kg6 44. h4 h5+ 45. Kg3 g4 46. Kf4
Nxf3 47. Nxf3 gxf3 48. e5 b5 49. e6 Kf6 50. e7 Kxe7 51. Kg5 Re3 52. Kf4 Re2 53.
Rb1 f2 54. Rf1 Rb2 55. Kg3 Rxb3+ 56. Kxf2 Rh3 57. Re1+ Kd6 58. Re4 b4 59. Kg2
Rc3 60. Re8 b3 61. Rd8+ Kc6 62. Rd1 Rc2+ 63. Kg3 b2 64. Rb1 a4 65. Kf3 a3 66.
Rg1 a2 67. Rg6+ Kb7 68. Rg1 b1=Q 69. Rxb1+ axb1=Q 70. Ke3 Qb3+ 71. Kf4 Rc4+ 72.
Ke5 Qb5+ 73. Ke6 Rc6+ 74. Ke7 Qe5+ 75. Kf7 Rf6+ 76. Kg8 Qe8+ 77. Kh7 Qe7+ 78.
Kh8 Rf8# {White checkmated} 0-1

[Event "Team 45 45 League T44"]
[Site "Internet Chess Club"]
[Date "2010.02.14"]
[Round "2"]
[White "Juan73"]
[Black "Esslinger"]
[Result "0-1"]
[WhiteElo "1625"]
[BlackElo "1384"]
[Opening "Giuoco Pianissimo: Italian four knights variation"]
[ECO "C50"]
[Time "20:01:56"]
[TimeControl "2700+45"]

1. e4 e5 2. Nf3 Nc6 3. Bc4 Bc5 4. Nc3 Nf6 5. d3 O-O 6. Bg5 d6 7. Nd5 Bg4 8. Bxf6
gxf6 9. h3 Bh5 10. g4 Bg6 11. Qd2 Kg7 12. h4 h6 13. h5 Bh7 14. Nh4 Nd4 15. c3
Ne6 16. Nf5+ Bxf5 17. gxf5 Ng5 18. O-O-O c6 19. Ne3 b5 20. Bb3 a5 21. Bc2 b4 22.
c4 a4 23. b3 axb3 24. Bxb3 Nf3 25. Rhg1+ Ng5 26. Nc2 Kh7 27. Rg3 Qb6 28. f4 exf4
29. Qxf4 Bd4 30. Nxd4 Qxd4 31. Kb1 Ra3 32. Qe3 Qc3 33. Qf4 Rxb3+ 34. axb3 Ra8
{White resigns} 0-1

[Event "Team 45 45 League T44"]
[Site "Internet Chess Club"]
[Date "2010.02.12"]
[Round "2"]
[White "kingsrook"]
[Black "nozmov"]
[Result "1/2-1/2"]
[WhiteElo "1351"]
[BlackElo "1392"]
[Opening "Colle system"]
[ECO "D05"]
[Time "19:00:18"]
[TimeControl "2700+45"]

1. d4 d5 2. Nf3 Nf6 3. e3 e6 4. Bd3 c5 5. c3 Qc7 6. Nbd2 cxd4 7. exd4 Bd6 8. h3
O-O 9. O-O Re8 10. Re1 Nc6 11. Re2 Bd7 12. Qe1 e5 13. dxe5 Nxe5 14. Nxe5 Rxe5
15. Rxe5 Bxe5 16. Nf3 Bd6 17. Qe2 Re8 18. Qc2 h6 19. Be3 Bc5 20. Bxc5 Qxc5 21.
Re1 Rxe1+ 22. Nxe1 Qe7 23. Nf3 a6 24. Qe2 Qxe2 25. Bxe2 {Game drawn by mutual
agreement} 1/2-1/2

[Event "Team 45 45 League T44"]
[Site "Internet Chess Club"]
[Date "2010.02.11"]
[Round "2"]
[White "Campagnolo"]
[Black "chiiwen"]
[Result "1/2-1/2"]
[WhiteElo "2095"]
[BlackElo "2150"]
[Opening "Réti: King's Indian attack, Yugoslav variation"]
[ECO "A07"]
[Time "21:15:14"]
[TimeControl "2700+45"]

1. Nf3 d5 2. g3 c6 3. Bg2 Nf6 4. O-O Bg4 5. d4 e6 6. c4 Bd6 7. b3 Qe7 8. Bb2
Bxf3 9. Bxf3 e5 10. dxe5 Bxe5 11. Bxe5 Qxe5 12. Nd2 O-O 13. Re1 Rd8 14. Qc2 Na6
15. a3 Rac8 16. e4 d4 17. b4 d3 18. Qb3 Nc7 19. Bg2 Ne6 20. Nf3 Qc7 21. e5 Ng4
22. h3 d2 23. Re4 Nh6 24. Rd1 Qb6 25. Rxd2 Nc5 26. Qe3 Nxe4 27. Qxe4 Rxd2 28.
Nxd2 Re8 29. c5 Qd8 30. Nc4 Qd1+ 31. Kh2 Re7 32. Nd6 Qd2 33. b5 Qd5 34. Qxd5
cxd5 35. f4 Rc7 36. b6 axb6 37. cxb6 Rc6 38. Bxd5 Rxb6 39. g4 Kf8 40. Nxb7 Ra6
41. Nd6 Rxa3 42. g5 Ng8 43. Bxf7 Ne7 44. Kg2 Rd3 45. h4 Nc6 46. Bc4 Rc3 47. Be6
Nd4 48. Bg4 Nc6 {Game drawn by mutual agreement} 1/2-1/2

[Event "Team 45 45 League T44"]
[Site "Internet Chess Club"]
[Date "2010.02.11"]
[Round "2"]
[White "deeppurple"]
[Black "nosalt"]
[Result "1-0"]
[WhiteElo "2065"]
[BlackElo "2050"]
[Opening "King's Indian: fianchetto, classical main line"]
[ECO "E69"]
[Time "14:01:23"]
[TimeControl "2700+45"]

1. c4 Nf6 2. Nf3 g6 3. g3 Bg7 4. Bg2 O-O 5. d4 d6 6. O-O c6 7. Nc3 Nbd7 8. h3 e5
9. e4 Re8 10. Be3 Qc7 11. Qc2 Nf8 12. b4 exd4 13. Nxd4 Ne6 14. Nde2 a5 15. a3
Bd7 16. Rfd1 Re7 17. Qd2 Ne8 18. Rac1 axb4 19. axb4 Qc8 20. Kh2 Ra3 21. Qb2 Qa8
22. Ra1 Rxa1 23. Rxa1 Qd8 24. Ra7 Bc8 25. Qd2 N8c7 26. f4 Qd7 27. Na4 Bf8 28.
Nb6 Qd8 29. f5 gxf5 30. exf5 Ng7 31. f6 Re6 32. fxg7 Bxg7 33. Nf4 Re8 34. Nxc8
Qxc8 35. Ra5 Qd8 36. Bb6 Qe7 37. Nh5 Be5 38. Bxc7 Qxc7 39. Qg5+ Kf8 40. Qh6+ Ke7
41. h4 Qd7 42. Rxe5+ {Black resigns} 1-0

[Event "Team 45 45 League T44"]
[Site "Internet Chess Club"]
[Date "2010.02.19"]
[Round "2"]
[White "ivanson"]
[Black "martineden"]
[Result "0-1"]
[WhiteElo "1840"]
[BlackElo "1933"]
[Opening "Pirc: Austrian attack, dragon formation"]
[ECO "B09"]
[Time "12:57:54"]
[TimeControl "2700+45"]

1. e4 d6 2. d4 Nf6 3. Nc3 g6 4. f4 Bg7 5. Nf3 c5 6. dxc5 Qa5 7. Qd3 Nxe4 8. Qxe4
Bxc3+ 9. Bd2 Bxd2+ 10. Nxd2 Qxc5 11. Nb3 Qb6 12. O-O-O Bf5 13. Qa4+ Bd7 14. Qe4
Nc6 15. Rxd6 Bf5 16. Qe1 Bxc2 17. Qc3 O-O 18. Rxc6 bxc6 19. Qxc2 Rfd8 20. Kb1 a5
21. Bc4 a4 22. Nc5 a3 23. b3 e6 24. Ne4 Qe3 25. Rf1 Kg7 26. g4 Rd4 27. Nc3 Rd2
28. Qc1 Rad8 29. f5 Rb2+ 30. Ka1 Rdd2 31. fxe6 fxe6 32. Re1 Qd4 33. Re4 Rxa2+
{White resigns} 0-1

[Event "Team 45 45 League T44"]
[Site "Internet Chess Club"]
[Date "2010.02.20"]
[Round "2"]
[White "chess9793"]
[Black "Budzo"]
[Result "1/2-1/2"]
[WhiteElo "1973"]
[BlackElo "1804"]
[Opening "French: Tarrasch"]
[ECO "C03"]
[Time "18:00:14"]
[TimeControl "2700+45"]

1. e4 e6 2. d4 d5 3. Nd2 Be7 4. Ngf3 Nf6 5. Bd3 c5 6. dxc5 dxe4 7. Nxe4 Nxe4 8.
Bxe4 Qxd1+ 9. Kxd1 Bxc5 10. Ke2 Nd7 11. Rd1 Nf6 12. Bd3 O-O 13. Bg5 h6 14. Bh4
Nd5 15. Bg3 Bd7 16. Ne5 Rfd8 17. a3 Rac8 18. Nxd7 Rxd7 19. c4 Nf6 20. b4 Be7 21.
Ra2 Rcd8 22. Rad2 Kf8 23. Bf4 Bd6 24. Be3 b6 25. Rc2 Ng4 26. h3 Nxe3 27. fxe3
Be7 28. c5 bxc5 29. bxc5 Rc7 30. Rdc1 Rd5 31. c6 Bxa3 32. Rb1 Bc5 33. Rb7 Bb6
34. Rb2 Rc8 35. Rc2 Rc5 36. Rxc5 Bxc5 37. Bb5 Bb6 38. Kd3 Rc7 39. Ke4 Ke7 40.
Rb8 Kd6 41. Rg8 g6 42. Rf8 a5 43. g4 Kc5 44. Ba4 Kb4 45. Bd1 a4 46. Ke5 a3 47.
Kd6 a2 48. Ra8 Ra7 49. Rxa7 Bxa7 50. c7 a1=Q 51. c8=Q Qxd1+ 52. Ke7 Bc5+ 53.
Kxf7 Qf3+ 54. Kxe6 Qxe3+ 55. Kf7 Qe7+ 56. Kxg6 Qg5+ 57. Kf7 Qd5+ 58. Kg6 Qd6+
59. Kh5 Qe5+ 60. Kxh6 Be3+ 61. Kg6 Qg5+ 62. Kf7 Qd5+ 63. Qe6 Qf3+ {Game drawn by
mutual agreement} 1/2-1/2

[Event "Team 45 45 League T44"]
[Site "Internet Chess Club"]
[Date "2010.02.11"]
[Round "2"]
[White "Folgers"]
[Black "vazir"]
[Result "1-0"]
[WhiteElo "1981"]
[BlackElo "1905"]
[Opening "Queen's pawn: Charlick (Englund) gambit"]
[ECO "A40"]
[Time "21:30:09"]
[TimeControl "2700+45"]

1. d4 e5 2. dxe5 Nc6 3. Nf3 f6 4. e6 d5 5. Nc3 Bxe6 6. a3 Bc5 7. Bf4 Nge7 8. e3
O-O 9. Nd4 Bf7 10. Be2 Ng6 11. Bg3 Nxd4 12. exd4 Be7 13. O-O f5 14. f4 Bf6 15.
Qd3 c6 16. Rad1 Qd7 17. Nb1 Rae8 18. c3 Re6 19. Qxf5 Ne7 20. Qc2 Bg6 21. Bd3 Nf5
22. Bf2 Bh4 23. g3 Re3 24. Bxe3 Nxe3 25. Qf2 Nxd1 26. Rxd1 Bxd3 27. Rxd3 Qf5 28.
Rd1 Qg4 29. Re1 Bf6 30. Nd2 g5 31. Kg2 gxf4 32. Qxf4 Qg6 33. Nf3 Qc2+ 34. Qd2
Qf5 35. Qe3 Qc2+ 36. Re2 Qg6 37. Qe6+ Kh8 38. Ne5 Qh5 39. Rf2 {Black resigns}
1-0

[Event "Team 45 45 League T44"]
[Site "Internet Chess Club"]
[Date "2010.02.11"]
[Round "2"]
[White "LucaTrapani"]
[Black "avila"]
[Result "0-1"]
[WhiteElo "2007"]
[BlackElo "1735"]
[Opening "QGD Slav: 4.e3"]
[ECO "D11"]
[Time "21:06:17"]
[TimeControl "2700+45"]

1. d4 d5 2. c4 c6 3. Nf3 Nf6 4. e3 Bg4 5. Nc3 e6 6. h3 Bh5 7. g4 Bg6 8. Nh4 Nbd7
9. Nxg6 hxg6 10. Qc2 Nxg4 11. Bd3 Nh6 12. Bxg6 fxg6 13. Qxg6+ Ke7 14. e4 dxe4
15. d5 Nf6 16. Bf4 exd5 17. O-O-O Qe8 18. Qg5 Qh5 19. Qg2 Qf3 20. Qg5 Nf7 21.
Qg3 Qxg3 22. Bxg3 Ke6 23. h4 Bd6 24. Bxd6 Nxd6 25. cxd5+ cxd5 26. Rhg1 Rac8 27.
Kb1 Rc7 28. Rg5 Nf5 29. Nb5 Rc5 30. a4 a6 31. Nc3 Rxh4 32. Ne2 Rg4 33. Rxg4 Nxg4
34. Nf4+ Kd6 35. Rd2 d4 36. Ne2 Ke5 37. Nc1 d3 38. f3 Rc2 39. Rd1 Nge3 40. Re1
d2 41. f4+ Ke6 {White resigns} 0-1

[Event "Team 45 45 League T44"]
[Site "Internet Chess Club"]
[Date "2010.02.16"]
[Round "2"]
[White "soccerisfun"]
[Black "mickeys"]
[Result "1-0"]
[WhiteElo "1587"]
[BlackElo "1858"]
[Opening "French: Tarrasch, open variation"]
[ECO "C07"]
[Time "19:09:01"]
[TimeControl "2700+45"]

1. e4 e6 2. d4 d5 3. Nd2 c5 4. c3 cxd4 5. cxd4 dxe4 6. Nxe4 Bb4+ 7. Nc3 Nf6 8.
Bg5 Nc6 9. Nf3 Qa5 10. Bd2 O-O 11. a3 Be7 12. Bd3 Rd8 13. Qc2 Nxd4 14. Nxd4 Rxd4
15. Nb5 Re4+ 16. Bxe4 Qxb5 17. Bd3 Qe5+ 18. Be3 Bd7 19. O-O Ng4 20. g3 Bc6 21.
Bf4 Qh5 22. h4 g5 23. f3 gxf4 24. fxg4 Qxg4 25. Qf2 b6 26. Qxf4 Qg7 27. Rac1
Bc5+ 28. Kh2 Qxb2+ 29. Rc2 Qg7 30. Be4 Bxe4 31. Qxe4 Rd8 32. Rf4 h5 33. Kg2 Bxa3
34. Ra2 a5 35. Qf3 Bd6 36. Rd2 Qf8 37. Rfd4 Be7 38. Qxh5 Rxd4 39. Rxd4 Qg7 40.
Rg4 Qxg4 41. Qxg4+ Kh7 42. Qe4+ Kg7 43. Qd4+ Kg6 44. Qxb6 Bb4 45. Qc6 Kg7 46.
Qe4 Kh6 47. g4 Kg7 48. Kf3 Kh6 49. g5+ Kg7 50. h5 Be7 51. h6+ Kg8 52. g6 Bf6 53.
h7+ Kg7 54. gxf7 Kxf7 55. Qf4 Kg7 56. h8=Q+ {Black resigns} 1-0

[Event "Team 45 45 League T44"]
[Site "Internet Chess Club"]
[Date "2010.02.13"]
[Round "2"]
[White "EpicAce"]
[Black "CREDITorDEBIT"]
[Result "0-1"]
[WhiteElo "1630"]
[BlackElo "1642"]
[Opening "English opening"]
[ECO "A16"]
[Time "15:35:15"]
[TimeControl "2700+45"]

1. c4 Nf6 2. Nc3 g6 3. e4 d6 4. g3 Bg7 5. Bg2 e5 6. Nge2 Be6 7. d3 O-O 8. O-O
Nbd7 9. h3 c6 10. f4 exf4 11. gxf4 Nb6 12. Nd4 Nh5 13. Nxe6 fxe6 14. f5 Bd4+ 15.
Kh2 exf5 16. exf5 d5 17. Ne2 Be5+ 18. Kg1 dxc4 19. d4 Bg7 20. Be4 Qd6 21. fxg6
hxg6 22. Bxg6 Qxg6+ 23. Kh2 Qd6+ 24. Kg1 Nd5 25. Nc3 Qg3+ {White resigns} 0-1

[Event "Team 45 45 League T44"]
[Site "Internet Chess Club"]
[Date "2010.02.15"]
[Round "2"]
[White "SacMan"]
[Black "wbanks"]
[Result "1/2-1/2"]
[WhiteElo "1710"]
[BlackElo "1737"]
[Opening "Caro-Kann: anti-Caro-Kann defense"]
[ECO "A11"]
[Time "18:00:05"]
[TimeControl "2700+45"]

1. c4 c6 2. e4 e5 3. Nf3 d6 4. d4 Nd7 5. Nc3 Ngf6 6. Be2 Be7 7. O-O O-O 8. h3
exd4 9. Nxd4 Nc5 10. Qc2 Re8 11. f4 Nfxe4 12. Nxe4 Nxe4 13. Qxe4 Bf6 14. Qd3
Bxd4+ 15. Qxd4 Rxe2 16. Be3 Qe7 17. Rf3 Bf5 18. Bd2 c5 19. Qc3 Be4 20. Rg3 f6
21. Re1 Rxe1+ 22. Bxe1 Re8 23. Re3 Qf7 24. Bf2 Qg6 25. Rg3 Qf5 26. Qd2 Rd8 27.
Qa5 Rc8 28. Qd2 Qe6 29. b3 b6 30. Re3 Re8 31. Qe1 d5 32. cxd5 Qxd5 33. Rg3 Bg6
34. Qc3 Qd1+ 35. Kh2 Qe2 36. f5 Qxf2 37. fxg6 Re1 38. gxh7+ Kxh7 39. Qd3+ f5 40.
Rf3 Qg1+ 41. Kg3 g6 42. Qd7+ Kh6 43. Qd2+ Kh7 {Game drawn by mutual agreement}
1/2-1/2

[Event "Team 45 45 League T44"]
[Site "Internet Chess Club"]
[Date "2010.02.12"]
[Round "2"]
[White "Karpool"]
[Black "badmove"]
[Result "1/2-1/2"]
[WhiteElo "1710"]
[BlackElo "1823"]
[Opening "Queen's pawn game"]
[ECO "D02"]
[Time "15:01:03"]
[TimeControl "2700+45"]

1. d4 d5 2. Nf3 Bg4 3. Ne5 Bf5 4. g3 Nd7 5. Bg2 e6 6. O-O Ngf6 7. c4 c6 8. cxd5
exd5 9. Nxd7 Nxd7 10. Nc3 Be7 11. a3 O-O 12. f3 Nf6 13. Be3 h6 14. Bf2 Qd7 {Game
drawn by mutual agreement} 1/2-1/2

[Event "Team 45 45 League T44"]
[Site "Internet Chess Club"]
[Date "2010.02.14"]
[Round "2"]
[White "Sprawl"]
[Black "Rookmaster"]
[Result "1-0"]
[WhiteElo "2118"]
[BlackElo "1725"]
[Opening "Sicilian: Prins (Moscow) variation"]
[ECO "B55"]
[Time "22:01:27"]
[TimeControl "2700+45"]

1. e4 c5 2. Nf3 d6 3. d4 cxd4 4. Nxd4 Nf6 5. f3 e6 6. c4 Nxe4 7. fxe4 Qh4+ 8.
Kd2 Qxe4 9. Nf3 Nc6 10. Nc3 Qg4 11. h3 Qg3 12. Qe1 Qxe1+ 13. Kxe1 Nb4 14. Kd1 a6
15. a3 Nc6 16. Bg5 Bd7 17. b4 h6 18. Bh4 g5 19. Bg3 Bg7 20. Rc1 Bxc3 21. Rxc3 e5
22. c5 e4 23. Re3 d5 24. Ne5 Nxe5 25. Bxe5 Ba4+ 26. Kd2 O-O 27. Bf6 Rfe8 28. Be2
Rac8 29. Bg4 Rc6 30. Rf1 Rxf6 31. Rxf6 d4 32. Re1 e3+ 33. Kd3 Rd8 34. Rd6 Bb5+
35. Kxd4 Rxd6+ 36. cxd6 e2 37. d7 {Black resigns} 1-0

[Event "Team 45 45 League T44"]
[Site "Internet Chess Club"]
[Date "2010.02.15"]
[Round "2"]
[White "Kingofknights"]
[Black "AntonioMendonca"]
[Result "0-1"]
[WhiteElo "1653"]
[BlackElo "1700"]
[Opening "Queen's pawn game"]
[ECO "E00"]
[Time "18:37:51"]
[TimeControl "2700+45"]

1. d4 e6 2. c4 Nf6 3. a3 c5 4. Nc3 cxd4 5. Qxd4 Nc6 6. Qd1 b6 7. Nf3 Bb7 8. e4
d6 9. Bd3 Be7 10. O-O O-O 11. Qe2 Rc8 12. Rd1 Qc7 13. h3 Na5 14. Nb5 Qb8 15. Bd2
Nb3 16. Ra2 Nxd2 17. Rxd2 Qa8 18. b3 Bxe4 19. Bxe4 Nxe4 20. Nxa7 Nxd2 21. Nxc8
Nxf3+ 22. Qxf3 Rxc8 23. Qe3 Qc6 24. Ra1 Bf6 25. Rd1 Qc5 26. Qd3 Qxa3 27. Qxd6
Qxd6 28. Rxd6 b5 29. Rb6 bxc4 30. bxc4 g6 31. Rb4 Kg7 32. Kf1 Rc5 33. Ke2 h5 34.
Kd3 Be7 35. Rb7 Kf6 36. f3 h4 37. Ra7 Bd6 38. Rd7 Be7 39. Rb7 Re5 40. Ra7 Bc5
41. Rc7 Rg5 42. f4 Rg3+ 43. Ke4 Re3# {White checkmated} 0-1